 Dungeon Crawl Stone Soup version 0.28.0-53-g5a82cb258f (webtiles) character file.

Game seed: 7678700893732746173

912 nonceun the Cleaver (level 7, -4/57 HPs)
             Began as a Minotaur Berserker on July 12, 2022.
             Was a Believer of Trog.
             Killed from afar by a steam dragon (14 damage)
             ... with a ball of steam
             ... on level 5 of the Dungeon.
             The game lasted 00:17:22 (4854 turns).

nonceun the Cleaver (Minotaur Berserker)            Turns: 4854, Time: 00:17:23

Health: -4/57      AC:  9    Str: 23    XL:     7   Next: 82%
Magic:  6/6        EV:  8    Int:  4    God:    Trog [**....]
Gold:   145        SH:  0    Dex: 10    Spells: 6/6 levels left

rFire   . . .      SeeInvis .   a - +0 hand axe
rCold   . . .      Faith    .   (no shield)
rNeg    . . .      Spirit   .   h - +0 chain mail
rPois   .          Reflect  .   (helmet restricted)
rElec   .          Harm     .   r - scarf {+Inv}
rCorr   .          Rampage  .   t - +0 pair of gloves
Will    .....                   (no boots)
Stlth   ..........              (no amulet)
HPRegen 0.19/turn               (no ring)
MPRegen 0.10/turn               (no ring)

@: no status effects
A: horns 2, retaliatory headbutt
a: Renounce Religion, Evoke Invisibility, Berserk, Trog's Hand


You were on level 5 of the Dungeon.
You worshipped Trog.
Trog was pleased with you.
You visited 1 branch of the dungeon, and saw 5 of its levels.

You collected 145 gold pieces.

Inventory:

Hand Weapons
 a - a +0 hand axe (weapon)
 n - a +0 war axe
Missiles
 b - 112 stones (quivered)
Armour
 h - a +0 chain mail (worn)
 r - a scarf of invisibility (worn)
 t - a +0 pair of gloves (worn)
Jewellery
 u - a ring of magical power
Wands
 v - a wand of acid (12)
Scrolls
 d - a scroll of brand weapon {unknown}
 e - a scroll of enchant weapon {unknown}
 f - 4 scrolls of identify {unknown}
 k - 3 scrolls of fog {unknown}
 l - a scroll of noise {unknown}
 m - a scroll of blinking {unknown}
 p - 2 scrolls of teleportation {unknown}
 q - 2 scrolls of enchant armour {unknown}
Potions
 c - 2 potions of brilliance {unknown}
 g - 2 potions of invisibility {unknown}
 i - 2 potions of lignification {unknown}
 j - a potion of might {unknown}
 o - a potion of curing {unknown}
 s - 2 potions of haste {unknown}


   Skills:
 - Level 3.6 Fighting
 + Level 10.8 Axes
 - Level 2.4 Armour
 - Level 2.1 Dodging
 * Level 2.2 Evocations


You had 6 spell levels left.
You didn't know any spells.
Your spell library contained the following spells:

 Spells                   Type           Power      Damage    Failure   Level
 Shock                    Conj/Air       0%         1d3       99%         1
 Sublimation of Blood     Necr           0%         N/A       100%        2
 Swiftness                Air            0%         N/A       100%        3
 Airstrike                Air            0%         N/A       100%        4
 Petrify                  Tmut/Erth      0%         N/A       100%        4
 Irradiate                Conj/Tmut      0%         3d14      100%        5


Dungeon Overview and Level Annotations

Branches:
Dungeon (5/15)
 Temple: D:4-7

Altars:
Fedhas
Gozag
Uskayaw
Yredelemnul


Innate Abilities, Weirdness & Mutations

You have a pair of horns on your head.
You reflexively headbutt those who attack you in melee.


Message History

The ice beast closely misses you. You furiously retaliate!
You headbutt the ice beast, but do no damage.
The quokka bites you but does no damage.
You closely miss the quokka.
The quokka is almost dead.
You completely miss the ice beast.
You are engulfed in a cloud of scalding steam.
The quokka bites you but does no damage.
The ice beast hits you. The ice beast freezes you!
You barely miss the quokka.
The quokka is almost dead.
You hit the ice beast but do no damage.
The quokka bites you but does no damage.
You hit the quokka but do no damage.
The quokka is almost dead.
You hit the ice beast. The ice beast barely misses you.
You barely miss the quokka.
The quokka is almost dead.
You barely miss the ice beast.
The quokka bites you but does no damage.
The ice beast hits you. The ice beast freezes you!
* * * LOW HITPOINT WARNING * * *
You barely miss the quokka.
The quokka is almost dead.
You hit the steam dragon. You closely miss the ice beast.
The quokka closely misses you. You furiously retaliate!
You headbutt the quokka!
You kill the quokka!
Trog accepts your kill.
The ice beast hits you but does no damage.
The steam dragon breathes steam at you. The ball of steam misses you.
You are engulfed in a cloud of scalding steam.
You see here a quokka corpse.
You are engulfed in a cloud of scalding steam.
You are engulfed in a cloud of scalding steam.
* * * LOW HITPOINT WARNING * * *
The steam dragon breathes steam at you. The ball of steam hits you!
You die...

##§..#.##.........####
##.##.###.......## #
#.....# ##.....## #
#Y##### ##...## # #†#
##+## # #.###### #.#### #
#§##...#####.##.#####
#####.##.................
#.....D§@..####...#.#####
#.###.###.## #....<##
#.....# ##...## #####.#
##.## ..# ### ###


You could see a steam dragon (catching breath).

Vanquished Creatures
  3 ogres
  A phantom (D:5)
  A scorpion (D:5)
  A water moccasin zombie (D:5)
  3 hounds
  A jelly (D:4)
  An orc priest (D:4)
  2 iguanas
  3 orc wizards
  A hound skeleton (D:5)
  3 gnolls (D:5)
  7 adders
  A shadow imp (D:5)
  An ufetubus (D:5)
  An adder zombie (D:5)
  A worm (D:2)
  A dart slug (D:3)
  4 orcs
  14 ball pythons
  5 endoplasms
  A giant cockroach (D:2)
  11 goblins
  3 hobgoblins
  3 quokkas
  9 bats
  A frilled lizard (D:2)
  2 kobolds
  2 rats (D:2)
87 creatures vanquished.

Notes
Turn   | Place    | Note
-------+----------+-------------------------------------------
     0 | D:1      | nonceun the Minotaur Berserker began the quest for the Orb.
     0 | D:1      | Reached XP level 1. HP: 19/19 MP: 0/0
   181 | D:1      | Reached skill level 4 in Axes
   488 | D:1      | Reached XP level 2. HP: 26/26 MP: 1/1
   773 | D:2      | Reached skill level 5 in Axes
   885 | D:2      | Reached XP level 3. HP: 31/31 MP: 2/2
  1239 | D:2      | Reached ** piety under Trog
  1327 | D:2      | Found a faded altar of an unknown god.
  1411 | D:2      | Reached XP level 4. HP: 39/39 MP: 3/3
  1426 | D:2      | Reached skill level 6 in Axes
  1569 | D:3      | Found a hide-covered altar of Uskayaw.
  1764 | D:3      | Found a basalt altar of Yredelemnul.
  1764 | D:3      | Found an opulent altar of Gozag.
  2153 | D:3      | Reached skill level 7 in Axes
  2153 | D:3      | Reached XP level 5. HP: 36/45 MP: 4/4
  2269 | D:4      | Noticed an ogre
  2281 | D:4      | Killed an ogre
  2282 | D:4      | Reached skill level 8 in Axes
  2448 | D:4      | Found a blossoming altar of Fedhas.
  2483 | D:4      | Reached XP level 6. HP: 51/51 MP: 5/5
  2861 | D:4      | Reached skill level 9 in Axes
  3609 | D:5      | Entered Level 5 of the Dungeon
  3668 | D:5      | Noticed an ice beast
  3808 | D:5      | Reached skill level 1 in Evocations
  3808 | D:5      | Reached XP level 7. HP: 40/57 MP: 6/6
  4382 | D:5      | Reached skill level 10 in Axes
  4813 | D:5      | Noticed a steam dragon
  4854 | D:5      | Killed from afar by a steam dragon

Illustrated notes

Levels and vault maps discovered:
D:1:      nzn_arrival_depleted_hourglass, layout_loops_ring
D:2:      layout_rooms, shapermc_ecumenical_altar_mp_vishouse, minmay_tripent
D:3:      layout_basic, nicolae_uskayaw_murder_on_the_dancefloor,
          gammafunk_temple_overflow_elements
D:4:      layout_cave_pods, mainiacjoe_overflow_tiny_flanked
D:5:      layout_loops_corners, minmay_diced_spiral

Skill      XL: |  1  2  3  4  5  6  7 |
---------------+----------------------+-----
Axes           | 4 5 7 8 9 10 | 10.8
Evocations     | 1 2 |  2.2
Fighting       | |  3.6
Armour         | |  2.4
Dodging        | |  2.1

Action                   |  1- 3 |  4- 6 |  7- 9 || total
-------------------------+-------+-------+-------++-------
Melee: Hand axe          |    86 |   120 |    55 ||   261
       Headbutt          |     7 |    18 |    11 ||    36
       Punch             |       |     1 |       ||     1
Invok: Trog's Hand       |       |     2 |     1 ||     3
       Berserk           |       |     1 |       ||     1
Armor: Ring mail         |    13 |       |       ||    13
       Chain mail        |    26 |    44 |    24 ||    94
Dodge: Dodged            |    22 |    33 |    18 ||    73
